 Dungeon Crawl Stone Soup version 0.19-a0-1685-g42d40c4 (webtiles) character file.

2855 Scooter the Cudgeler (level 9, -3/68 HPs)
             Began as a Demonspawn Fighter on Oct 9, 2016.
             Was a Follower of Qazlal.
             Killed from afar by an orc wizard (4 damage)
             ... with a magic dart
             ... on level 8 of the Dungeon.
             The game lasted 00:12:19 (7818 turns).

Scooter the Cudgeler (Demonspawn Fighter)           Turns: 7818, Time: 00:12:20

Health: -3/68      AC: 12    Str: 23    XL:     9   Next: 46%
Magic:  13/13      EV: 13    Int: 18    God:    Qazlal [*.....]
Gold:   351        SH: 13    Dex: 18    Spells: 0 memorised, 8 levels left

rFire  . . .     SeeInvis .     I - +7 falchion of the Battered Souls {drain, Str+4 Int+8}
rCold  + . .     Gourm    .     s - +0 chain mail
rNeg   . . .     Faith    .     c - +0 shield
rPois  .         Spirit   .     (helmet restricted)
rElec  .         Dismiss  .     o - +0 cloak
rCorr  .         Reflect  .     G - +0 pair of gloves
MR     .....     Harm     .     (no boots)
Stlth  ..........               (no amulet)
                                (no ring)
                                D - ring of loudness (curse)

@: agile
A: antennae 1, claws 2, talons 2, cold resistance 1, powered by pain 1
a: Renounce Religion


You were on level 8 of the Dungeon.
You worshipped Qazlal.
Qazlal was aware of your devotion.
You were not hungry.

You visited 2 branches of the dungeon, and saw 9 of its levels.
You also visited: Ossuary.

You collected 351 gold pieces.

Inventory:

Hand Weapons
 a - a +0 flail
 F - a +1 mace of protection
 I - the +7 falchion of the Battered Souls (weapon) {drain, Str+4 Int+8}
   (You found it on level 6 of the Dungeon)

   A truly terrible weapon, it drains the life of those it strikes.
   It affects your strength (+4).
   It affects your intelligence (+8).
Armour
 b - a +0 scale mail
 c - a +0 shield (worn)
 o - a +0 cloak (worn)
 s - a +0 chain mail (worn)
 G - a +0 pair of gloves (worn)
Jewellery
 D - a cursed ring of loudness (left hand)
Wands
 y - a wand of hasting (5/9)
 K - a wand of digging (12/24)
Scrolls
 e - 3 scrolls of fog {unknown}
 g - 7 scrolls of teleportation {unknown}
 h - 5 scrolls of remove curse {unknown}
 i - 3 scrolls of recharging {unknown}
 k - 6 scrolls of identify {unknown}
 p - 3 scrolls of enchant armour {unknown}
 q - a scroll of immolation {unknown}
 v - 2 scrolls of magic mapping {unknown}
 B - a scroll of noise {unknown}
 J - a scroll of blinking {unknown}
 L - a scroll of enchant weapon {unknown}
Potions
 d - 3 potions of might
 f - 4 potions of mutation {unknown}
 j - 9 potions of curing
 l - 4 potions of heal wounds
 m - 3 potions of invisibility {unknown}
 n - 3 potions of haste {unknown}
 r - 2 potions of flight {unknown}
 t - 2 potions of berserk rage {unknown}
 u - a potion of cure mutation {unknown}
 w - a potion of degeneration {unknown}
 x - a potion of ambrosia {unknown}
 z - 3 potions of agility {unknown}
 A - a potion of cancellation {unknown}
 E - 4 potions of lignification {unknown}
Books
 C - a book of Clouds

   Spells                             Type                      Level
   a - Mephitic Cloud                 Conjuration/Poison/Air       3
   b - Conjure Flame                  Conjuration/Fire             3
   c - Poisonous Cloud                Conjuration/Poison/Air       6
   d - Freezing Cloud                 Conjuration/Ice/Air          6
   e - Ring of Flames                 Charms/Fire                  7
 H - a book of the Sky

   Spells                             Type                      Level
   a - Summon Lightning Spire         Summoning/Air                4
   b - Airstrike                      Air                          4
   c - Silence                        Hexes/Air                    5
   d - Deflect Missiles               Charms/Air                   6
   e - Conjure Ball Lightning         Conjuration/Air              6
   f - Tornado                        Air                          9


   Skills:
 + Level 5.0 Fighting
 + Level 7.2 Maces & Flails
 + Level 6.0 Armour
 + Level 3.1 Dodging
 + Level 5.5 Shields
 * Level 5.7 Invocations


You had 8 spell levels left.
You didn't know any spells.

Dungeon Overview and Level Annotations

Branches:
Dungeon (8/15)             Temple (1/1) D:4
   Lair: D:-1           Orc: D:8-11       Crypt: Vaults:-1

Altars:
Ashenzari
Cheibriados
Dithmenos
Elyvilon
Fedhas
Gozag
Hepliaklqana
Kikubaaqudgha
Makhleb
Nemelex Xobeh
Okawaru
Qazlal
Ru
Sif Muna
Trog
Uskayaw
Vehumet
Xom
Yredelemnul
Zin
The Shining One

Shops:
D:6 [   D:7 }


Innate Abilities, Weirdness & Mutations

You have a pair of small antennae on your head.
You have very sharp fingernails.
You have razor-sharp toenails.
Your flesh is cold resistant. (rC+)
You sometimes gain a little power by taking damage.


Message History

Your kick misses the two-headed ogre.
The two-headed ogre is almost dead.
You block the blink frog zombie's attack.
You block something's attack. The orc hits you but does no damage.
The orc wizard barely misses you. The two-headed ogre closely misses you.
You riposte.
You slash the two-headed ogre!
You kill the two-headed ogre!
Qazlal accepts your kill.
Your Fighting skill increases to level 5!
Your Armour skill increases to level 6!
The blink frog zombie hits you!
* * * LOW HITPOINT WARNING * * *
You hear some strange, mumbled words.
A magic dart appears from out of thin air!
The magic dart hits you!
* * * LOW HITPOINT WARNING * * *
The orc misses you. The orc wizard casts a spell at you.
The magic dart hits you!
You die...

..###......##### .#
................ .#.
###..#.......#.# ...
##..###.######.###.#
...##...## ###.#...#
)........###...#.#.#
......##.........#.#####
.........#..#...{§......
##.........##..§@o......
#.............>.oZo.....
.....###<........Oy.....
...### ###...#....y.....
#####..........
........y.. ............
##...........


You could see an ogre, 3 killer bees, 2 orc wizards, an orc and a blink frog
zombie.

Vanquished Creatures
  A two-headed ogre (D:8)
  Sigmund (D:5)
  Menkaure (D:6)
  A water moccasin (D:7)
  Duvessa (D:6)
  2 ice beasts
  A wasp (D:7)
  2 orc warriors (D:6)
  3 ogres (D:7)
  2 centaurs
  Dowan (D:6)
  4 water moccasin zombies (Ossuary)
  A wyvern skeleton (D:7)
  2 water moccasin skeletons
  3 crimson imps
  A quasit (D:7)
  2 hounds
  3 orc priests
  A centaur skeleton (D:5)
  5 orc wizards
  An iguana (D:6)
  2 worker ants
  2 big kobold zombies (Ossuary)
  2 mummies (Ossuary)
  14 adders
  A shadow imp (D:7)
  7 adder zombies (Ossuary)
  A dart slug (D:5)
  6 leopard geckos
  20 orcs
  6 giant cockroaches
  2 gnoll zombies (Ossuary)
  7 hobgoblins
  11 jackals
  6 quokkas
  9 ball pythons
  3 bats
  6 frilled lizards
  10 goblins
  3 hobgoblin zombies (Ossuary)
  2 kobolds (D:3)
  7 kobold zombies (Ossuary)
  6 orc zombies (Ossuary)
  3 rats
175 creatures vanquished.

Vanquished Creatures (others)
  5 dream sheep (D:5)
5 creatures vanquished.

Grand Total: 180 creatures vanquished

Notes
Turn   | Place    | Note
-------+----------+-------------------------------------------
     0 | D:1      | Scooter the Demonspawn Fighter began the quest for the Orb.
     0 | D:1      | Reached XP level 1. HP: 18/18 MP: 1/1
   330 | D:1      | Reached skill level 2 in Maces & Flails
   338 | D:1      | Gained mutation: You have sharp fingernails. [demonic ancestry]
   338 | D:1      | Reached XP level 2. HP: 17/24 MP: 2/2
  1037 | D:2      | Gained mutation: Your flesh is cold resistant. (rC+) [demonic ancestry]
  1037 | D:2      | Reached XP level 3. HP: 26/29 MP: 3/3
  1166 | D:2      | Found a faded altar of an unknown god.
  1321 | D:2      | Gained mutation: You have very sharp fingernails. [demonic ancestry]
  1321 | D:2      | Reached XP level 4. HP: 19/35 MP: 4/4
  1747 | D:2      | Reached skill level 3 in Maces & Flails
  2951 | D:3      | Gained mutation: You sometimes gain a little power by taking damage. [demonic ancestry]
  2951 | D:3      | Reached XP level 5. HP: 40/41 MP: 5/5
  3142 | D:4      | Found a sand-covered staircase.
  3153 | Ossuary  | Entered an ossuary
  3189 | Ossuary  | Reached skill level 4 in Maces & Flails
  3206 | Ossuary  | Reached skill level 1 in Dodging
  3230 | Ossuary  | Gained mutation: You have sharp toenails. [demonic ancestry]
  3230 | Ossuary  | Reached XP level 6. HP: 45/47 MP: 6/6
  3284 | Ossuary  | Reached skill level 5 in Maces & Flails
  4128 | D:4      | Gained mutation: You have a pair of small antennae on your head. [demonic ancestry]
  4128 | D:4      | Reached XP level 7. HP: 36/53 MP: 7/7
  4151 | D:4      | Found a staircase to the Ecumenical Temple.
  4178 | Temple   | Entered the Ecumenical Temple
  4347 | Temple   | Became a worshipper of Qazlal Stormbringer
  4593 | D:5      | Entered Level 5 of the Dungeon
  4712 | D:5      | Noticed Sigmund
  4736 | D:5      | Killed Sigmund
  4736 | D:5      | Reached skill level 6 in Maces & Flails
  5298 | D:5      | Reached skill level 1 in Invocations
  5558 | D:5      | Found a shimmering altar of Xom.
  5558 | D:5      | Noticed a dream sheep
  5558 | D:5      | Noticed a dream sheep
  5558 | D:5      | Noticed a dream sheep
  5558 | D:5      | Noticed a dream sheep
  5558 | D:5      | Noticed a dream sheep
  5562 | D:5      | Killed a dream sheep
  5564 | D:5      | Killed a dream sheep
  5564 | D:5      | Killed a dream sheep
  5564 | D:5      | Killed a dream sheep
  5565 | D:5      | Killed a dream sheep
  6217 | D:6      | Got a scorched falchion
  6218 | D:6      | Identified the +7 falchion of the Battered Souls {drain, Str+4 Int+8} (You found it on level 6 of the Dungeon)
  6259 | D:6      | Reached XP level 8. HP: 52/60 MP: 9/9
  6428 | D:6      | Noticed Menkaure
  6432 | D:6      | Killed Menkaure
  6591 | D:6      | Found Jiro's Antique Armour Shoppe.
  6796 | D:6      | Noticed Duvessa
  6799 | D:6      | Noticed Dowan
  6803 | D:6      | Killed Duvessa
  6803 | D:6      | Reached * piety under Qazlal
  6803 | D:6      | Reached skill level 5 in Armour
  6867 | D:6      | Killed Dowan
  7026 | D:7      | Reached skill level 7 in Maces & Flails
  7143 | D:7      | Reached skill level 5 in Shields
  7150 | D:7      | Found Yjutuag's Gadget Emporium.
  7159 | D:7      | Gained mutation: You have razor-sharp toenails. [demonic ancestry]
  7159 | D:7      | Reached XP level 9. HP: 55/66 MP: 12/12
  7341 | D:7      | Reached skill level 5 in Invocations
  7818 | D:8      | Reached skill level 5 in Fighting
  7818 | D:8      | HP: 1/68 [something/magic dart (7)]
  7818 | D:8      | Killed from afar by an orc wizard

Vault maps used:
D:1:      sevenhm_arrival_forest_fort_small_3, serial_forest,
          infiniplex_forest_lined_corner, infiniplex_forest_join,
          infiniplex_forest_end_double, infiniplex_forest_clump_double,
          infiniplex_forest_lined_room_2, infiniplex_forest_clump_C,
          infiniplex_forest_clump_large
D:2:      ecumenical_altar_1, first_bread
D:3:      guppyfry_early_orc_mine
D:4:      enter_ossuary_3
D:5:      kb_xom_exploding_sheep, uniq_sigmund
D:6:      wad_crossroads, serial_shops, shop_statue, uniq_duvessa, uniq_menkaure
D:7:      boulder_indie, serial_shops, nicolae_shop_stone, grunt_ogre_cave
D:8:      kennysheep_orc_sif_temple, serial_curves, eino_curves_04,
          eino_curves_04, eino_curves_01
Temple:   roderic_octagonal_lattice_temple
Ossuary:  ossuary_tomb_2

Skill      XL: |  1  2  3  4  5  6  7  8  9 |
---------------+----------------------------+-----
Maces & Flails | 2 3 4 5 6 7 |  7.2
Shields        | 3 4 5 |  5.5
Armour         | 3 4 5 6 |  6.0
Dodging        | 1 3 |  3.1
Invocations    | 2 4 5 |  5.7
Fighting       | 4 5 |  5.0

Action                   |  1- 3 |  4- 6 |  7- 9 || total
-------------------------+-------+-------+-------++-------
Melee: Flail             |   138 |   342 |    51 ||   531
       Kick              |       |    47 |    72 ||   119
       Falchion          |       |       |   185 ||   185
       Mace              |       |       |    10 ||    10
       Unarmed           |       |       |    28 ||    28
  Use: Potion            |       |     2 |     1 ||     3
Armor: Scale mail        |    66 |    34 |       ||   100
       Chain mail        |       |   136 |   122 ||   258
Dodge: Dodged            |    52 |    75 |    86 ||   213
Block: Shield            |    70 |   128 |   119 ||   317
